 Dungeon Crawl Stone Soup version 0.26-a0-597-gb535b0901c (webtiles) character file.

Game seed: 18086248221141233493

40618 HoaS the Cruncher (level 14, -2/120 HPs)
             Began as a Formicid Fighter on Aug 26, 2020.
             Was a High Priest of Makhleb.
             Slain by a catoblepas (3 damage)
             ... while petrified by you
             ... on level 5 of the Lair of Beasts.
             The game lasted 00:37:58 (15423 turns).

HoaS the Cruncher (Formicid Fighter)               Turns: 15423, Time: 00:37:59

Health: -2/120     AC: 21    Str: 26    XL:     14   Next: 45%
Magic:  14/14      EV:  2    Int:  8    God:    Makhleb [*****.]
Gold:   1283       SH:  0    Dex: 16    Spells: 13/13 levels left

rFire    . . .     SeeInvis +   a - +1 quarterstaff (flame)
rCold    . . .     Faith    .   c - +1 kite shield
rNeg     + + +     Spirit   .   C - +1 plate armour
rPois    ∞         Reflect  .   (helmet unavailable)
rElec    .         Harm     .   t - scarf {repulsion}
rCorr    .                      d - +2 pair of gloves
MR       +....                  (no boots)
Stlth    ..........             p - amulet of the acrobat
HPRegen  0.30/turn              F - ring of poison resistance
MPRegen  0.14/turn              z - +6 ring of dexterity

@: petrified, repel missiles
A: permanent stasis, dig shafts and tunnels, four strong arms, antennae 3
a: Dig, Shaft Self, Minor Destruction, Lesser Servant of Makhleb, Major
Destruction, Greater Servant of Makhleb, Renounce Religion


You were on level 5 of the Lair of Beasts.
You worshipped Makhleb.
Makhleb was extremely pleased with you.
You visited 3 branches of the dungeon, and saw 17 of its levels.
You also visited: Sewer.

You collected 1283 gold pieces.

Inventory:

Hand Weapons
 a - a +1 quarterstaff of flaming (weapon)
Armour
 c - a +1 kite shield (worn)
 d - a +2 pair of gloves (worn)
 t - a scarf of repulsion (worn)
 C - a +1 plate armour (worn)
Jewellery
 k - an uncursed ring of protection from cold
 p - an amulet of the acrobat (around neck)
 u - an uncursed ring of stealth
 v - an uncursed ring of ice
 z - a +6 ring of dexterity (right hand)
 F - a ring of poison resistance (left hand)
Wands
 s - a wand of digging (7)
 w - a wand of acid (8)
 y - a wand of iceblast (19)
 A - a wand of polymorph (11)
 B - a wand of flame (24)
 D - a wand of random effects (15)
 M - a wand of paralysis (5)
Scrolls
 e - 2 scrolls of fear
 h - 8 scrolls of remove curse
 x - 4 scrolls of fog
 I - 4 scrolls of magic mapping
 K - 3 scrolls of enchant weapon
 L - a scroll of identify
 N - a scroll of summoning
Potions
 b - 3 potions of stabbing
 f - 2 potions of berserk rage {unknown}
 g - 10 potions of heal wounds
 i - 2 potions of mutation
 j - 2 potions of cancellation
 l - a potion of magic {unknown}
 m - 2 potions of resistance {unknown}
 n - 5 potions of curing
 o - 6 potions of flight
 q - a potion of invisibility {unknown}
 E - 7 potions of ambrosia
 G - 3 potions of brilliance {unknown}
 H - a potion of degeneration {unknown}
Miscellaneous
 r - a lightning rod (3/4)
 J - a lightning rod (3/4)


   Skills:
 * Level 14.0 Fighting
 * Level 14.0 Staves
 * Level 14.0 Armour
 + Level 9.0 Shields


You had 13 spell levels left.
You didn't know any spells.
Your spell library contained the following spells:

 Spells                   Type           Power        Failure   Level
 Magic Dart               Conj           #...         97%         1
 Sting                    Tmut/Pois      #...         97%         1
 Call Imp                 Summ           #.......     99%         2
 Poisonous Vapours        Pois/Air       #.....       99%         2
 Searing Ray              Conj           #.....       99%         2
 Slow                     Hex            #.......     99%         2
 Confusing Touch          Hex            #.......     100%        3
 Conjure Flame            Conj/Fire      #.......     100%        3
 Dazzling Flash           Conj/Hex       #.....       100%        3
 Gell's Gravitas          Tloc           #.........   100%        3
 Ignite Poison            Fire/Tmut/Pois #.......     100%        3
 Mephitic Cloud           Conj/Pois/Air  #.......     100%        3
 Fulminant Prism          Conj/Hex       #.........   100%        4
 Iskenderun's Mystic Bla  Conj/Tloc      #.......     100%        4
 Olgreb's Toxic Radiance  Pois           #.......     100%        4
 Petrify                  Tmut/Erth      #.......     100%        4
 Metabolic Englaciation   Hex/Ice        #.........   100%        5
 Yara's Violent Unravell  Hex/Tmut       #.........   100%        5
 Blink                    Tloc           Unusable     N/A         2

Dungeon Overview and Level Annotations

Branches:
Dungeon (11/15)            Temple (1/1) D:7            Lair (5/6) D:11
 Shoals (0/4) Lair:4       Spider (0/4) Lair:3        Sewer (visited)
  Slime: Lair:5-6       Orc: D:9-12

Altars:
Ashenzari
Cheibriados
Dithmenos
Elyvilon
Fedhas
Gozag
Hepliaklqana
Kikubaaqudgha
Makhleb
Nemelex Xobeh
Okawaru
Qazlal
Ru
Sif Muna
Trog
Uskayaw
Wu Jian
Xom
Yredelemnul
Zin
Lugonu

Shops:
D:8 :

Annotations:
D:6 3 runed translucent doors, XanderDroid's ghost, novice GnWn
Lair:3 exclusion: oklob plant
Lair:4 exclusion: 4 oklob plants


Innate Abilities, Weirdness & Mutations

You cannot be hasted, slowed, berserked, paralysed or teleported.
You can dig through walls and to a lower floor.
Your four strong arms can wield two-handed weapons with a shield.
You have a pair of large antennae on your head. (SInv)


Message History

You are engulfed in calcifying dust.
Your limbs have turned to stone.
The catoblepas gores you!!
* * * LOW HITPOINT WARNING * * *
You have turned to stone.
You are engulfed in calcifying dust.
The catoblepas breathes a plume of calcifying dust at you.
The blast of calcifying dust hits you!
* * * LOW HITPOINT WARNING * * *
You are engulfed in calcifying dust.
The catoblepas gores you!
* * * LOW HITPOINT WARNING * * *
You are engulfed in calcifying dust.
The catoblepas gores you.
* * * LOW HITPOINT WARNING * * *
You are engulfed in calcifying dust.
The catoblepas gores you.
* * * LOW HITPOINT WARNING * * *
The catoblepas stomps with a crash on the ground.
The catoblepas gores you!
* * * LOW HITPOINT WARNING * * *
The catoblepas barely misses you. The catoblepas gores you.
You die...

## #P# #### ###### ###
.##..####..###...P###.##
........................
#..................##...
...#.@.#..#....#######
......Y.###.##...#####.#
##....#####..#P.+.......
#..... #.##÷#...##......
..... ###..##...###.....
##... #.....###..####...
#.. ###.#.##..#####..#
#... #..#####.###.#...
.. ##.#####.........


You could see a catoblepas.

Vanquished Creatures
  Josephine (Lair:5)
  Harold (D:9)
  Erica (D:8)
  A centaur warrior (D:10)
  6 hydras
  2 two-headed ogres
  A lindwurm (Lair:5)
  A deep elf mage (D:9)
  A manticore (Lair:4)
  2 ugly things (D:9)
  A cyclops (D:11)
  3 black mambas
  6 elephants (Lair:3)
  A gargoyle (D:11)
  9 cane toads
  7 komodo dragons
  2 jumping spiders (Lair:3)
  A polar bear (Lair:5)
  A queen bee (D:11)
  Prince Ribbit (D:8)
  19 blink frogs
  6 hippogriffs
  8 dream sheep (Lair:4)
  A redback (Lair:3)
  3 wyverns
  34 yaks
  5 wraiths
  A basilisk (Lair:2)
  3 wargs (D:11)
  11 water moccasins
  6 porcupines
  Purgy (Sewer)
  An orc warrior (D:8)
  2 ice beasts
  5 sky beasts
  A black bear (Lair:5)
  6 centaurs
  4 ogres
  9 crocodiles
  A big kobold (D:11)
  11 bullfrogs
  A gnoll sergeant (D:7)
  A water moccasin skeleton (D:9)
  A wyvern skeleton (D:11)
  3 scorpions
  34 killer bees
  8 wights
  A vampire bat (D:7)
  3 electric eels
  2 bullfrog zombies
  A centaur zombie (D:5)
  3 jellies
  2 centaur skeletons
  6 orc priests
  6 hounds
  10 orc wizards
  3 bullfrog skeletons
  Jessica (D:2)
  4 iguanas
  9 worker ants
  Terence (D:2)
  2 killer bee zombies
  A hound zombie (D:9)
  2 worker ant zombies
  9 adders
  A howler monkey skeleton (D:6)
  9 gnolls
  2 shadow imps (D:7)
  3 white imps
  2 oozes
  3 ufetubi
  An adder skeleton (D:4)
  An adder zombie (D:6)
  3 dart slugs
  A worm (D:5)
  6 leopard geckos
  43 orcs
  16 bats
  4 giant cockroaches
  13 goblins
  5 hobgoblins
  13 jackals
  4 quokkas
  2 ball pythons
  7 frilled lizards
  A jackal zombie (D:5)
  12 kobolds
  6 rats
459 creatures vanquished.

Vanquished Creatures (collateral kills)
  An orc (D:9)
1 creature vanquished.

Vanquished Creatures (others)
  2 demonic plants (Temple)
  12 fungi
  45 plants
59 creatures vanquished.

Grand Total: 519 creatures vanquished

Notes
Turn   | Place    | Note
-------+----------+-------------------------------------------
     0 | D:1      | HoaS the Formicid Fighter began the quest for the Orb.
     0 | D:1      | Reached XP level 1. HP: 18/18 MP: 1/1
    72 | D:1      | Reached XP level 2. HP: 22/24 MP: 2/2
   392 | D:1      | Reached XP level 3. HP: 29/29 MP: 3/3
   847 | D:2      | Reached XP level 4. HP: 35/35 MP: 4/4
   857 | D:2      | Found a shimmering altar of Xom.
  1100 | D:2      | Noticed Jessica
  1109 | D:2      | Killed Jessica
  1109 | D:2      | Reached XP level 5. HP: 39/41 MP: 5/5
  1286 | D:2      | Noticed Terence
  1289 | D:2      | Killed Terence
  1429 | D:3      | Reached skill level 5 in Shields
  1769 | D:3      | Reached XP level 6. HP: 47/47 MP: 6/6
  2237 | D:3      | Reached skill level 5 in Staves
  2462 | D:4      | You fall into a shaft and drop 2 floors!
  2467 | D:5      | Entered Level 5 of the Dungeon
  2473 | D:5      | You fall into a shaft and drop 2 floors!
  2473 | D:7      | Found a staircase to the Ecumenical Temple.
  2480 | Temple   | Entered the Ecumenical Temple
  2549 | D:6      | Noticed an ice beast
  2555 | D:6      | Killed an ice beast
  2555 | D:6      | Reached XP level 7. HP: 37/52 MP: 7/7
  2700 | D:5      | Found a shadowy altar of Dithmenos.
  2780 | D:5      | Found a glowing drain.
  2801 | Sewer    | Entered a sewer
  2939 | Sewer    | Noticed Purgy
  2945 | Sewer    | Killed Purgy
  3482 | D:4      | Reached XP level 8. HP: 43/58 MP: 8/8
  4294 | D:5      | Noticed a two-headed ogre
  4301 | D:5      | Killed a two-headed ogre
  4301 | D:5      | Reached XP level 9. HP: 4/64 MP: 9/9
  5106 | D:6      | Found an ornate altar of the Wu Jian Council.
  5133 | D:6      | Found a hazy altar of Hepliaklqana.
  5206 | D:6      | Found a runed translucent gate.
  5206 | D:6      | Found a runed translucent gate.
  5206 | D:6      | Found a runed translucent gate.
  5206 | D:6      | Noticed XanderDroid's ghost (novice GnWn)
  5266 | D:6      | Found an iron altar of Okawaru.
  5353 | D:7      | Noticed a hippogriff
  5480 | D:7      | Killed a hippogriff
  5480 | D:7      | Reached skill level 10 in Staves
  5752 | D:7      | Got a pair of heavily runed gloves
  5754 | D:7      | Identified the -3 pair of gloves of Grottiness {rPois rN+
                  | Regen+} (You found it on level 7 of the Dungeon)
  5796 | D:7      | Found a burning altar of Makhleb.
  5802 | D:7      | Became a worshipper of Makhleb the Destroyer
  6188 | D:8      | Found a shattered altar of Ashenzari.
  6188 | D:8      | Found an opulent altar of Gozag.
  6244 | D:8      | Noticed Prince Ribbit
  6258 | D:8      | Killed Prince Ribbit
  6270 | D:8      | Noticed Erica
  6292 | D:8      | Reached XP level 10. HP: 49/70 MP: 10/10
  6314 | D:8      | HP: 3/70 [rock wall collision (8)]
  6320 | D:8      | Killed Erica
  6678 | D:8      | Found Ynkeris's Book Shoppe.
  6746 | D:8      | Reached * piety under Makhleb
  7535 | D:9      | Noticed Harold
  7887 | D:9      | Found a basalt altar of Yredelemnul.
  8062 | D:9      | Found a shimmering blue altar of Sif Muna.
  8163 | D:9      | Noticed a komodo dragon
  8172 | D:9      | Killed a komodo dragon
  8380 | D:9      | Killed Harold
  8380 | D:9      | Reached XP level 11. HP: 75/75 MP: 11/11
  8469 | D:9      | Noticed a six-headed hydra
  8483 | D:9      | Killed a six-headed hydra
  8483 | D:9      | Reached skill level 5 in Fighting
  8493 | D:9      | Noticed a deep elf mage
  8495 | D:9      | Reached ** piety under Makhleb
  8535 | D:9      | Killed a deep elf mage
  8687 | D:9      | Noticed a two-headed ogre
  8762 | D:8      | Killed a two-headed ogre
  8762 | D:8      | Reached skill level 5 in Armour
  8867 | D:9      | Found a glowing silver altar of Zin.
  8981 | D:9      | Noticed a purple ugly thing
  8981 | D:9      | Noticed a red ugly thing
  9003 | D:9      | Killed a red ugly thing
  9017 | D:9      | Killed a red ugly thing
  9134 | D:10     | Entered Level 10 of the Dungeon
  9277 | D:10     | Reached *** piety under Makhleb
  9415 | D:10     | Reached XP level 12. HP: 94/94 MP: 12/12
  9429 | D:10     | Noticed a centaur warrior
  9445 | D:10     | Killed a centaur warrior
  9917 | D:11     | Found a staircase to the Lair.
 10055 | D:11     | Reached skill level 10 in Fighting
 10184 | D:11     | Reached **** piety under Makhleb
 10586 | Lair:1   | Entered Level 1 of the Lair of Beasts
 10942 | Lair:1   | Noticed a five-headed hydra
 10958 | Lair:1   | Killed a five-headed hydra
 11006 | Lair:1   | Reached XP level 13. HP: 87/108 MP: 13/13
 11050 | Lair:1   | Reached ***** piety under Makhleb
 11981 | Lair:2   | Noticed a five-headed hydra
 11993 | Lair:2   | Killed a five-headed hydra
 12706 | Lair:3   | Found a blossoming altar of Fedhas.
 12833 | Lair:3   | Reached skill level 10 in Armour
 13175 | Lair:3   | Found a hole to the Spider Nest.
 13383 | Lair:3   | Noticed a four-headed hydra
 13389 | Lair:3   | Killed a four-headed hydra
 13784 | Lair:4   | Noticed a seven-headed hydra
 13800 | Lair:4   | Killed a seven-headed hydra
 13837 | Lair:4   | Reached XP level 14. HP: 120/120 MP: 14/14
 14253 | Lair:4   | Found a staircase to the Shoals.
 14755 | Lair:5   | Noticed Josephine
 14799 | Lair:5   | Killed Josephine
 15421 | Lair:5   | HP: 1/120 [catoblepas (7)]
 15423 | Lair:5   | Slain by a catoblepas

Illustrated notes

Levels and vault maps discovered:
D:1:      dpeg_arrival_pits, layout_basic
D:2:      layout_loops_ring, brannock_xom_greatest_gift, uniq_jessica,
          uniq_terence
D:3:      layout_basic
D:4:      layout_basic
D:5:      layout_loops_ring, nicolae_dithmenos_shadow_blocks,
          cheibrodos_sewer_entry_bend
D:6:      layout_rooms, old_standard_altar, nicolae_overflow_hidden_temple,
          ebering_ghost_rock_garden
D:7:      layout_loops_cross, lightli_temple_of_fire,
          minmay_temple_entry_slanted, roderic_batcave
D:8:      layout_basic, nicolae_gozag_seed_capital, ashenzari_altar_1,
          serial_shops, shop_coins, nrook_uturn, uniq_erica, uniq_prince_ribbit1
D:9:      layout_loops_corners, nicolae_overflow_crystal_walls,
          kennysheep_little_box, zin_treasury, minmay_pinched_square,
          uniq_harold
D:10:     layout_basic
D:11:     layout_roguey [special_room_bee], erik_lair_orcish_takeover
Temple:   corrupted_temple
Lair:1:   layout_gridlike
Lair:2:   layout_small_grid, minmay_shattered_shrine
Lair:3:   layout_long_grid, spider_nest_entry_funnel_web, tgw_fedhas,
          lemuel_fruit_fields
Lair:4:   layout_small_grid, minmay_shoals_entry_beasts,
          infiniplex_staircase_pool_2, minmay_lair_oklob_chamber
Lair:5:   layout_regular_city, dpeg_slime_entry_corner, nicolae_lair_yak_garden,
          lemuel_fruit_tree, uniq_josephine

Skill      XL: |  1  2  3  4  5  6  7  8  9 10 11 12 13 14 |
---------------+-------------------------------------------+-----
Shields        | 4 5 6 8 9 |  9.0
Staves         | 3 4 5 7 9 11 13 14 | 14.0
Fighting       | 8 12 14 | 14.0
Armour         | 6 9 11 14 | 14.0

Action                   |  1- 3 |  4- 6 |  7- 9 | 10-12 | 13-15 || total
-------------------------+-------+-------+-------+-------+-------++-------
Melee: Quarterstaff      |    91 |   190 |   404 |   896 |   583 ||  2164
 Abil: Dig               |       |       |       |     2 |     4 ||     6
Evoke: Wand              |       |       |       |     3 |     1 ||     4
       Lightning rod     |       |       |       |       |     2 ||     2
  Use: Scroll            |     4 |     4 |    11 |     9 |     4 ||    32
       Potion            |       |       |     1 |     1 |       ||     2
Armor: Scale mail        |     9 |       |       |       |       ||     9
       Chain mail        |    35 |    84 |   129 |    32 |       ||   280
       Plate armour      |       |       |       |   150 |   180 ||   330
Dodge: Dodged            |    20 |    50 |   106 |   149 |   111 ||   436
       Repelled          |       |       |     3 |     1 |       ||     4
Block: Kite shield       |    36 |   103 |   246 |   372 |   271 ||  1028

Table legend: (Time is in decaauts)
 A = Elapsed time spent in this place.
 B = Non-inter-level travel time spent in this place.
 C = Inter-level travel time spent in this place.
 D = Time resting spent in this place.
 E = Time spent auto-exploring this place.
 F = Levels seen in this place.
 G = Mean time per level.
                   A        B        C        D        E       F      G
               +--------+--------+--------+--------+--------+-----+--------+
         Total |  14857 |  14262 |    595 |   2602 |   8250 |  18 |  825.4 |
       Dungeon |  10023 |   9522 |    501 |   2049 |   5118 |  11 |  911.2 |
        Temple |     46 |     46 |      0 |      0 |     19 |   1 |   46.0 |
          Lair |   4533 |   4439 |     94 |    488 |   3016 |   5 |  906.6 |
         Sewer |    254 |    254 |      0 |     65 |     97 |   1 |  254.0 |
               +--------+--------+--------+--------+--------+-----+--------+

Top non-repeatable levels by time:
     D:9: 1796 daAuts
     D:5: 1230 daAuts
     D:3: 1055 daAuts
  Lair:2: 1052 daAuts
  Lair:3: 1016 daAuts
  Lair:4: 1005 daAuts
     D:8: 1004 daAuts
  Lair:1: 870 daAuts
     D:4: 856 daAuts
     D:1: 823 daAuts
    D:11: 795 daAuts
     D:7: 741 daAuts
     D:6: 677 daAuts
  Lair:5: 588 daAuts
     D:2: 521 daAuts
